 Dungeon Crawl Stone Soup version 0.27-a0-906-g0a00ce863d (webtiles) character file.

Game seed: 3125676205058116190

536 mhtbhm the Cudgeller (level 7, -10/66 HPs)
             Began as a Gargoyle Berserker on Apr 6, 2021.
             Was a Believer of Trog.
             Mangled by a moth of wrath (13 damage)
             ... on level 4 of the Dungeon.
             The game lasted 00:04:12 (4610 turns).

mhtbhm the Cudgeller (Gargoyle Berserker)           Turns: 4610, Time: 00:04:13

Health: -10/66     AC: 15    Str: 23      XL:     7   Next: 25%
Magic:  7/7        EV:  8    Int:  7      God:    Trog [**....]
Gold:   148        SH:  0    Dex:  8 (9)  Spells: 6/6 levels left

rFire    . . .     SeeInvis .   a - +0 mace
rCold    . . .     Faith    .   (no shield)
rNeg     + . .     Spirit   .   b - +0 chain mail
rPois    ∞         Reflect  .   (no helmet)
rElec    +         Harm     .   p - +0 cloak
rCorr    .         Rampage  .   (no gloves)
Will     .....                  (no boots)
Stlth    ..........             (no amulet)
HPRegen  0.21/turn              (no ring)
MPRegen  0.10/turn              (no ring)

@: berserking, very quick
A: AC +4, negative energy resistance 1, electricity resistance, torment
resistance 1, unbreathing 1, petrification resistance
a: Renounce Religion, Berserk, Trog's Hand


You were on level 4 of the Dungeon.
You worshipped Trog.
Trog was pleased with you.
You visited 1 branch of the dungeon, and saw 4 of its levels.

You collected 148 gold pieces.

Inventory:

Hand Weapons
 a - a +0 mace (weapon)
Armour
 b - a +0 chain mail (worn)
 p - a +0 cloak (worn)
Wands
 m - a wand of digging (5)
Scrolls
 h - a scroll of vulnerability {unknown}
 i - 4 scrolls of identify
 j - a scroll of immolation {unknown}
 n - 3 scrolls of magic mapping {unknown}
Potions
 c - a potion of brilliance {unknown}
 d - a potion of heal wounds {unknown}
 e - a potion of invisibility {unknown}
 g - a potion of degeneration {unknown}
 k - a potion of might {unknown}
 l - a potion of berserk rage
 o - a potion of mutation {unknown}


   Skills:
 + Level 4.8 Fighting
 + Level 6.0 Maces & Flails
 + Level 3.3 Armour
 + Level 2.9 Dodging
 + Level 1.6 Stealth


You had 6 spell levels left.
You didn't know any spells.
Your spell library was empty.

Dungeon Overview and Level Annotations

Branches:
Dungeon (4/15)
 Temple: D:4-7

Altars:
Trog
Xom


Innate Abilities, Weirdness & Mutations

Your stone body is resilient. (AC +4)
You are immune to poison.
You resist negative energy. (rN+)
You are resistant to electric shocks. (rElec)
You are resistant to unholy torment.
You can survive without breathing.
You are immune to petrification.


Message History

Press: ? - help, Shift-Dir - straight line An iron grate.
The damaged grate falls apart.
The moth of wrath bites you!
You closely miss the moth of wrath. The moth of wrath barely misses you.
You closely miss the moth of wrath. The moth of wrath bites you.
You hit the moth of wrath.
The moth of wrath is lightly wounded.
The moth of wrath bites you.
The moth of wrath bites you but does no damage.
You are too injured to fight recklessly!
You are too injured to fight recklessly!
You are too injured to fight recklessly!
You are too injured to fight recklessly!
You are too injured to fight recklessly!
You are too injured to fight recklessly!
You are too injured to fight recklessly!
You are too injured to fight recklessly!
You are too injured to fight recklessly!
You are too injured to fight recklessly!
You are too injured to fight recklessly!
A red film seems to cover your vision as you go berserk!
You feel yourself moving faster!
You feel mighty!
The moth of wrath bites you but does no damage.
You barely miss the moth of wrath.
The moth of wrath is lightly wounded.
The moth of wrath bites you!
* * * LOW HITPOINT WARNING * * *
You bludgeon the moth of wrath!!
The moth of wrath is heavily wounded.
The moth of wrath bites you!
* * * LOW HITPOINT WARNING * * *
You closely miss the moth of wrath.
The moth of wrath is moderately wounded.
The moth of wrath barely misses you.
You sock the moth of wrath!
The moth of wrath is heavily wounded.
You closely miss the moth of wrath.
The moth of wrath is heavily wounded.
The moth of wrath bites you!
You die...

###.###### #...).#
#..# #.#
##.###.###..# #.#
######..# #......#
#.#
###....##.###.###.##
#.# ##)......##....#
#.### # #.#
#.........#..###
#...### #.#
#)...#....##.#
###.##. #.#
....###...##.# #.#.#
# )._..wy@.....#
#..## #
....###...#### #.#.#
# #)...#....# #.#..
# #.........# ..#.#
##.......## ####.#
###....## #)# ######
#.# #.# #.#


You could see a moth of wrath and a worm.

Vanquished Creatures
  Eustachio (D:4)
  A water moccasin (D:3)
  A centaur (D:4)
  Crazy Yiuf (D:3)
  A bullfrog skeleton (D:4)
  Ijyb (D:3)
  Terence (D:3)
  3 adders (D:3)
  An adder skeleton (D:4)
  4 worms
  3 dart slugs
  An orc (D:3)
  6 ball pythons
  8 bats
  5 endoplasms
  2 giant cockroaches (D:3)
  5 goblins
  A hobgoblin (D:2)
  6 jackals
  2 quokkas (D:1)
  3 frilled lizards
  2 kobolds (D:3)
  5 rats
64 creatures vanquished.

Vanquished Creatures (others)
  A plant (D:4)
1 creature vanquished.

Grand Total: 65 creatures vanquished

Notes
Turn   | Place    | Note
-------+----------+-------------------------------------------
     0 | D:1      | mhtbhm the Gargoyle Berserker began the quest for the Orb.
     0 | D:1      | Reached XP level 1. HP: 14/14 MP: 1/1
   420 | D:1      | Reached XP level 2. HP: 7/19 MP: 2/2
  1472 | D:1      | Found a shimmering altar of Xom.
  1710 | D:2      | Reached XP level 3. HP: 24/24 MP: 3/3
  2346 | D:3      | Noticed a water moccasin
  2356 | D:3      | Killed a water moccasin
  2356 | D:3      | Reached ** piety under Trog
  2357 | D:3      | Reached skill level 4 in Maces & Flails
  2357 | D:3      | Reached XP level 4. HP: 8/29 MP: 4/4
  2357 | D:3      | Reached XP level 5. HP: 10/33 MP: 5/5
  2663 | D:3      | Found a faded altar of an unknown god.
  2694 | D:3      | Noticed Terence
  2707 | D:3      | Killed Terence
  2833 | D:3      | Reached skill level 1 in Stealth
  3060 | D:3      | Noticed Ijyb
  3090 | D:3      | Killed Ijyb
  3091 | D:3      | Reached skill level 5 in Maces & Flails
  3295 | D:3      | Reached XP level 6. HP: 39/39 MP: 6/6
  3686 | D:3      | Found a runed translucent door.
  3687 | D:3      | Noticed Crazy Yiuf
  3694 | D:3      | Killed Crazy Yiuf
  3942 | D:4      | Noticed Eustachio
  4073 | D:4      | Killed Eustachio
  4074 | D:4      | Reached skill level 6 in Maces & Flails
  4074 | D:4      | Reached XP level 7. HP: 17/44 MP: 7/7
  4558 | D:4      | Noticed a moth of wrath
  4561 | D:4      | Found a bloodstained altar of Trog.
  4607 | D:4      | HP: 2/66 [moth of wrath (17)]
  4610 | D:4      | Mangled by a moth of wrath

Illustrated notes

Levels and vault maps discovered:
D:1:      dpeg_arrival_lava_altar, layout_basic
D:2:      layout_rooms, serial_aquarium, aquarium_bridge_straight
          [aquarium_subvault_bridge, aquarium_subvault_wall,
          aquarium_subvault_bridge, aquarium_subvault_wall],
          aquarium_window_corner, aquarium_window_fake, aquarium_view_2e,
          aquarium_view_2d, aquarium_balcony_3a, aquarium_pool_corner
D:3:      layout_basic, shapermc_ecumenical_altar_totnotflames, uniq_ijyb,
          uniq_crazy_yiuf_cottage, uniq_terence
D:4:      layout_loops_ring, tgw_trog, st_stairs_3, serial_bayou_pond_a,
          ebering_dispersal_statue_hall, uniq_eustachio

Skill      XL: |  1  2  3  4  5  6 |
---------------+-------------------+-----
Fighting       | 4 |  4.8
Maces & Flails | 4 5 6 |  6.0
Dodging        | 2 |  2.9
Stealth        | 1 |  1.6
Armour         | 3 |  3.3

Action                   |  1- 3 |  4- 6 |  7- 9 || total
-------------------------+-------+-------+-------++-------
Melee: Mace              |    99 |   188 |    30 ||   317
Invok: Berserk           |     3 |     5 |     1 ||     9
Evoke: Wand              |       |       |     1 ||     1
  Use: Scroll            |     1 |     2 |       ||     3
       Potion            |       |     4 |       ||     4
Armor: Animal skin       |    46 |     6 |       ||    52
       Scale mail        |       |    14 |       ||    14
       Chain mail        |       |   166 |     9 ||   175
       Skin              |       |    12 |       ||    12
Dodge: Dodged            |    76 |   137 |     4 ||   217

Table legend: (Time is in decaauts)
 A = Elapsed time spent in this place.
 B = Non-inter-level travel time spent in this place.
 C = Inter-level travel time spent in this place.
 D = Time resting spent in this place.
 E = Time spent auto-exploring this place.
 F = Levels seen in this place.
 G = Mean time per level.
                   A        B        C        D        E       F      G
               +--------+--------+--------+--------+--------+-----+--------+
         Total |   4739 |   4592 |    147 |   1155 |   2670 |   4 | 1184.8 |
       Dungeon |   4739 |   4592 |    147 |   1155 |   2670 |   4 | 1184.8 |
               +--------+--------+--------+--------+--------+-----+--------+

Top non-repeatable levels by time:
     D:1: 1731 daAuts
     D:3: 1620 daAuts
     D:4: 824 daAuts
     D:2: 562 daAuts
